 Dungeon Crawl Stone Soup version 0.21.1-1-g345015f (webtiles) character file.

1163 lightbrinder the Archer (level 8, -2/67 HPs)
             Began as a Centaur Hunter on Mar 21, 2018.
             Was a Priest of Zin.
             Slain by a slime creature (15 damage)
             ... on level 5 of the Dungeon.
             The game lasted 00:38:35 (4387 turns).

lightbrinder the Archer (Centaur Hunter)            Turns: 4387, Time: 00:38:36

Health: -2/67      AC:  5    Str: 15    XL:     8   Next: 17%
Magic:  9/9        EV: 15    Int: 10    God:    Zin [***...]
Gold:   12         SH:  0    Dex: 17    Spells: 7/7 levels left

rFire    . . .     SeeInvis .   a - +1 shortbow
rCold    . . .     Gourm    .   (shield currently unavailable)
rNeg     . . .     Faith    .   c - +1 leather armour
rPois    .         Spirit   .   (no helmet)
rElec    .         Reflect  .   (no cloak)
rCorr    +         Harm     .   (no gloves)
MR       .....                  (no barding)
Stlth    ++........             (no amulet)
HPRegen  0.21/turn              p - ring of resist corrosion
MPRegen  0.11/turn              (no ring)

@: agile, very quick
A: large, hooves 3, deformed body, speed 2, tough skin 3
a: Recite, Vitalisation, Imprison, Donate Gold, Renounce Religion


You were on level 5 of the Dungeon.
You worshipped Zin.
Zin was most pleased with you.
You were very hungry.

You visited 1 branch of the dungeon, and saw 5 of its levels.

You collected 252 gold pieces.
You donated 240 gold pieces to Zin.

Inventory:

Hand Weapons
 a - a +1 shortbow (weapon)
 e - a +0 blowgun
 g - a +5 mace
 h - a +0 hunting sling
Missiles
 j - 4 arrows (quivered)
 l - 2 throwing nets
 m - 70 stones
 q - 37 sling bullets
 v - 2 poisoned needles
 x - 3 tomahawks
 D - 4 needles of paralysis
Armour
 c - a +1 leather armour (worn)
Jewellery
 p - a ring of resist corrosion (left hand)
Wands
 z - a wand of flame (36)
Scrolls
 i - 7 scrolls of remove curse
 o - a scroll of magic mapping {unknown}
 s - 2 scrolls of immolation {unknown}
 u - a scroll of amnesia {unknown}
 w - a scroll of fog {unknown}
 y - a scroll of enchant weapon {unknown}
 A - a scroll of teleportation {unknown}
 C - 2 scrolls of identify
 H - a scroll of random uselessness {unknown}
Potions
 b - a potion of might {unknown}
 d - a potion of flight {unknown}
 n - a potion of brilliance {unknown}
 t - a potion of cancellation {unknown}
 F - a potion of haste {unknown}
 G - 2 potions of curing {unknown}
Books
 E - a book of Cantrips

   Spells                             Type                      Level
   a - Confusing Touch                Hexes                        1
   b - Animate Skeleton               Necromancy                   1
   c - Summon Small Mammal            Summoning                    1
   d - Apportation                    Translocation                1
Comestibles
 f - 10 rations


   Skills:
 + Level 4.4 Fighting
   Level 0.2 Short Blades
 + Level 0.1 Maces & Flails
 + Level 0.7 Slings
 + Level 11.1 Bows
 + Level 0.1(0.4) Throwing
 + Level 2.0 Armour
 + Level 1.7 Dodging
 + Level 0.7 Stealth
 + Level 2.0 Invocations
 + Level 0.1 Evocations


You had 7 spell levels left.
You didn't know any spells.

Dungeon Overview and Level Annotations

Branches:
Dungeon (5/15)
 Temple: D:4-7

Altars:
Fedhas
Okawaru
Zin


Innate Abilities, Weirdness & Mutations

You have hooves in place of feet.
Armour fits poorly on your strangely shaped body.
You cover ground very quickly.
You have extremely tough skin. (AC +3)


Message History

The arrow barely misses the slime creature.
Press: ? - help, Dir - move target cursor, f/p - slime creature
Aim: a slime creature (severely wounded)
You fail to use your ability.
There is an open door here.
You see here an arrow.
You see here an arrow.
Firing (i - inventory. (,) - cycle):
j - 6 arrows (quivered)
Press: ? - help, Shift-Dir - straight line, f/p - slime creature
Aim: a slime creature (heavily wounded)
You shoot an arrow. The arrow hits the slime creature.
The slime creature is heavily wounded.
Firing (i - inventory. (,) - cycle):
j - 5 arrows (quivered)
Press: ? - help, Shift-Dir - straight line, f/p - slime creature
Aim: a slime creature (heavily wounded)
You shoot an arrow. The arrow hits the slime creature!
The slime creature is severely wounded.
You feel agile all of a sudden. The slime creature hits you!
You die...

########
#......##########
#..÷...(##......####
#÷...÷(#.#.......##.
#..÷.(.#.#.(.(.(..'.
#...J÷.#(#.(...(..'.
#÷.@...#(#(#......(.
#.....÷#(#(#.....##.
#P.....#(#.#....###(
#|.....##.####### #.
########### #( #( #(
#....#( ###########
#....#.


You could see a slime creature.

Vanquished Creatures
  2 slime creatures (D:5)
  A water moccasin (D:5)
  2 big kobolds (D:5)
  A scorpion (D:4)
  A hound (D:4)
  5 jellies (D:5)
  2 orc priests (D:3)
  An iguana (D:4)
  A worker ant (D:4)
  The ghost of Mgcat the Insei, a weakling GnTm (D:3)
  5 adders
  5 oozes
  2 worms (D:2)
  2 adder skeletons
  A dart slug (D:1)
  3 leopard geckos
  15 orcs
  12 giant cockroaches
  9 goblins
  7 hobgoblins
  9 jackals
  16 kobolds
  A ball python (D:4)
  6 bats
  A frilled lizard (D:3)
  17 rats
128 creatures vanquished.

Vanquished Creatures (others)
  7 fungi (D:5)
  8 toadstools (D:5)
15 creatures vanquished.

Grand Total: 143 creatures vanquished

Notes
Turn   | Place    | Note
-------+----------+-------------------------------------------
     0 | D:1      | lightbrinder the Centaur Hunter began the quest for the Orb.
     0 | D:1      | Reached XP level 1. HP: 17/17 MP: 1/1
    66 | D:1      | You fall through a shaft!
    99 | D:2      | Reached skill level 6 in Bows
    99 | D:2      | Reached XP level 2. HP: 24/24 MP: 2/2
   359 | D:1      | Reached XP level 3. HP: 27/29 MP: 3/3
  1158 | D:2      | Reached skill level 7 in Bows
  1345 | D:2      | Reached XP level 4. HP: 36/36 MP: 4/4
  1442 | D:2      | Found a blossoming altar of Fedhas.
  2326 | D:3      | Noticed Mgcat's ghost (weakling GnTm)
  2357 | D:3      | Killed Mgcat's ghost
  2357 | D:3      | Reached skill level 8 in Bows
  2357 | D:3      | Reached XP level 5. HP: 42/42 MP: 5/5
  2441 | D:3      | Found a faded altar of an unknown god.
  2446 | D:3      | Became a worshipper of Zin the Law-Giver
  2446 | D:3      | Reached * piety under Zin
  2446 | D:3      | Reached ** piety under Zin
  2447 | D:3      | Donated 67 gold pieces to Zin
  2923 | D:3      | Found an iron altar of Okawaru.
  3233 | D:4      | Reached XP level 6. HP: 42/50 MP: 6/6
  3349 | D:4      | Donated 48 gold pieces to Zin
  3409 | D:4      | Reached skill level 9 in Bows
  3409 | D:4      | Reached skill level 1 in Invocations
  3417 | D:4      | Donated 27 gold pieces to Zin
  3753 | D:4      | Donated 15 gold pieces to Zin
  3884 | D:4      | Donated 18 gold pieces to Zin
  3912 | D:5      | Entered Level 5 of the Dungeon
  3927 | D:5      | Reached *** piety under Zin
  3982 | D:5      | Reached skill level 1 in Armour
  3983 | D:5      | Reached XP level 7. HP: 39/57 MP: 4/8
  4021 | D:5      | Donated 27 gold pieces to Zin
  4053 | D:5      | Noticed a slime creature
  4053 | D:5      | Noticed a slime creature
  4053 | D:5      | Noticed a slime creature
  4063 | D:5      | Reached skill level 10 in Bows
  4124 | D:5      | Killed a slime creature
  4186 | D:5      | Killed a slime creature
  4186 | D:5      | Reached skill level 11 in Bows
  4186 | D:5      | Reached XP level 8. HP: 47/67 MP: 9/9
  4284 | D:5      | Donated 13 gold pieces to Zin
  4387 | D:5      | Slain by a slime creature

Skill      XL: |  1  2  3  4  5  6  7  8 |
---------------+-------------------------+-----
Bows           | 6 7 8 9 11 | 11.1
Invocations    | 1 2 |  2.0
Fighting       | 3 4 |  4.4
Armour         | 1 2 |  2.0
Short Blades   | |  0.2
Maces & Flails | |  0.1
Slings         | |  0.7
Throwing       | |  0.1
Dodging        | |  1.7
Stealth        | |  0.7
Evocations     | |  0.1

Action                   |  1- 3 |  4- 6 |  7- 9 || total
-------------------------+-------+-------+-------++-------
Melee: Short sword       |    10 |     6 |       ||    16
       Kick              |     3 |     2 |     2 ||     7
       Mace              |       |       |     3 ||     3
 Fire: Shortbow          |   125 |   232 |    94 ||   451
       Hunting sling     |       |       |     8 ||     8
Throw: Stone             |       |     8 |       ||     8
       Throwing net      |       |       |     1 ||     1
Invok: Recite            |       |     9 |       ||     9
       Donate Gold       |       |     5 |     2 ||     7
       Vitalisation      |       |     1 |     1 ||     2
Evoke: Wand              |       |       |     3 ||     3
  Use: Scroll            |     5 |     3 |       ||     8
       Potion            |       |       |     3 ||     3
  Eat: Chunk             |       |     6 |       ||     6
Armor: Leather armour    |    25 |    33 |     7 ||    65
Dodge: Dodged            |    27 |    35 |    16 ||    78
